 Dungeon Crawl Stone Soup version 0.26.1-11-gd32895ea62 (webtiles) character file.

Game seed: 5975357902269937182

7718 Descartes the Grappler (level 11, -1/94 HPs)
             Began as a Troll Chaos Knight on June 6, 2021.
             Was a Plaything of Xom.
             Slain by a fire bat (7 damage)
             ... on level 9 of the Dungeon.
             The game lasted 00:21:10 (8410 turns).

Descartes the Grappler (Troll Chaos Knight)         Turns: 8410, Time: 00:21:10

Health: -1/94      AC: 11    Str: 23    XL:     11   Next: 0%
Magic:  0/17       EV: 14    Int:  9    God:    Xom [....*.]
Gold:   780        SH:  0    Dex: 11    Spells: 17/20 levels left

rFire    . . .     SeeInvis .     - Unarmed
rCold    + . .     Faith    .   (no shield)
rNeg     + . .     Spirit   +   K - +2 robe {Will+}
rPois    +         Reflect  .   (helmet restricted)
rElec    .         Harm     .   A - +2 ratskin cloak {*Rats rPois rN+ Str-1 Int-1 Dex+1}
rCorr    +         Rampage  .   (gloves unavailable)
Will     ++...     Clarity  +   (boots unavailable)
Stlth    +.........             t - amulet of guardian spirit
HPRegen  0.65/turn              p - +4 ring of evasion
MPRegen  0.15/turn              c - ring of resist corrosion

@: no status effects
A: large, unfitting armour, claws 3, blurry vision 1, clarity, cold resistance
1, deterioration 1, strong-willed 1, regeneration 1, shaggy fur 1, strong 1,
tough skin 3
a: Renounce Religion


You were on level 9 of the Dungeon.
You worshipped Xom.
You were a beloved toy of Xom.
You visited 2 branches of the dungeon, and saw 10 of its levels.
You also visited: Sewer.

You collected 1326 gold pieces.
You spent 546 gold pieces at shops.

Inventory:

Hand Weapons
 i - a +0 dagger of flaming
 o - a +1 arbalest of freezing
 J - a +2 whip of electrocution
 Q - the cursed +0 mace of Iconoclasm {speed, Str+3}
   (You took it off an orc warrior on level 8 of the Dungeon)

   Attacks with this weapon are significantly faster.
   It affects your strength (+3).
   It has a curse placed upon it.
Missiles
 e - 183 stones (quivered)
 n - 5 javelins
 q - 9 poisoned darts
 r - 2 throwing nets
 D - 10 boomerangs
Armour
 A - the +2 ratskin cloak (worn) {*Rats rPois rN+ Str-1 Int-1 Dex+1}
   (You found it on level 6 of the Dungeon)

   It affects your strength (-1).
   It affects your intelligence (-1).
   It affects your dexterity (+1).
   It protects you from poison.
   It protects you from negative energy.
 C - a scarf of invisibility
 K - a +2 robe of willpower (worn)
 R - the +2 cloak of Indomitability {Slay+2}
   (You found it on level 8 of the Dungeon)

   It affects your accuracy and damage with ranged weapons and melee attacks
   (+2).
 S - a +0 tower shield
Jewellery
 c - a ring of resist corrosion (right claw)
 p - a +4 ring of evasion (left claw)
 t - an amulet of guardian spirit (around neck)
Wands
 a - a wand of disintegration (16)
 s - a wand of enslavement (10)
 w - a wand of acid (8)
 I - a wand of iceblast (13)
 L - a wand of random effects (21)
Scrolls
 f - 4 scrolls of enchant armour {unknown}
 h - a scroll of fear {unknown}
 k - 2 scrolls of amnesia {unknown}
 m - a scroll of teleportation
 u - 3 scrolls of enchant weapon {unknown}
 x - 4 scrolls of fog {unknown}
 y - 2 scrolls of remove curse
 F - 8 scrolls of identify
 G - a scroll of summoning {unknown}
 M - a scroll of acquirement {unknown}
 T - a scroll of noise {unknown}
Potions
 d - a potion of mutation
 g - 4 potions of attraction
 j - 3 potions of degeneration
 l - a potion of cancellation
 v - 5 potions of curing
 z - 3 potions of flight
 B - a potion of berserk rage
 E - a potion of invisibility {unknown}
 H - a potion of might
 N - a potion of lignification
 O - a potion of brilliance
 P - a potion of resistance


   Skills:
 - Level 2.4 Fighting
 - Level 1.9 Dodging
 + Level 13.3 Unarmed Combat
 - Level 5.0 Spellcasting
 - Level 5.0 Evocations


You had 17 spell levels left.
You knew the following spells:

 Your Spells              Type           Power        Failure   Level
a - Dazzling Flash        Conj/Hex       4%           58%         3

Your spell library contained the following spells:

 Spells                   Type           Power        Failure   Level
 Freeze                   Ice            8%           24%         1
 Magic Dart               Conj           8%           24%         1
 Searing Ray              Conj           4%           36%         2
 Frozen Ramparts          Ice            4%           58%         3
 Ozocubu's Armour         Ice            2%           58%         3
 Fulminant Prism          Conj/Hex       1%           94%         4
 Hailstorm                Conj/Ice       2%           94%         4
 Iskenderun's Mystic Bla  Conj/Tloc      2%           94%         4
 Summon Ice Beast         Ice/Summ       2%           94%         4


Dungeon Overview and Level Annotations

Branches:
Dungeon (9/15)             Temple (1/1) D:5           Sewer (visited)
   Lair: D:8-11         Orc: D:9-12

Altars:
Ashenzari
Cheibriados
Dithmenos
Elyvilon
Fedhas
Gozag
Hepliaklqana
Kikubaaqudgha
Makhleb
Nemelex Xobeh
Okawaru
Qazlal
Ru
Sif Muna
Trog
Uskayaw
Vehumet
Wu Jian
Xom
Yredelemnul
Zin
The Shining One
Beogh

Shops:
D:6 *   D:8 !

Annotations:
D:9 2 transporters


Innate Abilities, Weirdness & Mutations

You are too large for most types of armour.
You have claws for hands.
Your natural rate of healing is unusually fast.
You are covered in fur. (AC +1)
You have extremely tough skin. (AC +3)
Scrolls take you a little longer to read.
You possess an exceptional clarity of mind.
Your flesh is cold resistant. (rC+)
Your body sometimes deteriorates upon taking damage.
You are strong-willed. (Will+)
Your muscles are strong. (Str +2)


Message History

The fire bat is heavily wounded.
The fire bat bites you.
* * * LOW HITPOINT WARNING * * *
A hell rat scurries out from under your cloak.
You are engulfed in flames!
* * * LOW HITPOINT WARNING * * *
The fire bat bites you.
* * * LOW HITPOINT WARNING * * *
You are engulfed in flames!
* * * LOW HITPOINT WARNING * * *
The komodo dragon bites your hell rat!!
Your hell rat dies!
Okay, then.
Really read with blurry vision while enemies are nearby?
Okay, then.
You feel better. The fire bat bites you.
* * * LOW HITPOINT WARNING * * *
You are engulfed in flames!
You die...
Xom laughs nastily!

## # ### ###.#.. # ..# .......
####### #)#.......
...##.############.......}
###..###.##...............
#.....###...†_.l.###.##.
###.........###.#..# #
#######.####@b####
##################
#................###########
######........>..<...............
.................................
............(....................
....#################...#########
....# #...# ....# #...#


You could see a komodo dragon and a fire bat.

Vanquished Creatures
  The ghost of manix the Geomancer, a novice GrEE of Qazlal (D:7)
  Pikel (D:6)
  The ghost of Pereza0 the Summoner, a novice TeSu of Ru (D:8)
  A troll (D:9)
  A vampire (D:8)
  A water moccasin (Sewer)
  7 orc warriors
  3 black bears (D:8)
  3 sky beasts
  2 ice beasts
  3 phantoms
  6 ogres
  5 centaurs
  Blork the orc (D:6)
  3 bullfrogs
  3 scorpions
  13 killer bees
  2 wights (D:9)
  4 howler monkeys
  A crimson imp (D:8)
  2 jellies (D:9)
  A bullfrog zombie (D:8)
  3 hounds
  10 orc priests
  11 orc wizards
  3 iguanas
  5 worker ants
  3 hell rats (D:6)
  A hound skeleton (D:5)
  A worker ant zombie (D:7)
  13 adders
  3 gnolls (D:3)
  5 river rats
  A white imp (D:8)
  An ufetubus (D:5)
  An ooze (D:3)
  An adder skeleton (D:6)
  3 worms
  3 dart slugs
  5 leopard geckos
  34 orcs
  5 ball pythons
  13 bats
  A giant cockroach (D:3)
  8 hobgoblins
  6 jackals
  14 kobolds
  3 quokkas
  5 frilled lizards
  9 goblins
  A leopard gecko skeleton (D:7)
  A quokka skeleton (D:4)
  25 rats
263 creatures vanquished.

Vanquished Creatures (collateral kills)
  An ugly thing (D:7)
  A komodo dragon (D:9)
  A steam dragon (D:9)
  A centaur (D:7)
  An orc priest (D:9)
  An orc (D:9)
6 creatures vanquished.

Grand Total: 269 creatures vanquished

Notes
Turn   | Place    | Note
-------+----------+-------------------------------------------
     0 | D:1      | Descartes the Troll Chaos Knight began the quest for the
                  | Orb.
     0 | D:1      | Reached XP level 1. HP: 22/22 MP: 0/0
   165 | D:1      | Reached XP level 2. HP: 29/29 MP: 1/1
   404 | D:1      | Reached skill level 4 in Unarmed Combat
   732 | D:2      | Reached XP level 3. HP: 36/36 MP: 2/2
   793 | D:2      | Noticed a centaur
   802 | D:2      | XOM: potion effect (invisibility)
   803 | D:2      | Killed a centaur
   804 | D:2      | Reached skill level 5 in Unarmed Combat
   804 | D:2      | Reached XP level 4. HP: 13/44 MP: 3/3
   810 | D:2      | Reached XP level 5. HP: 16/50 MP: 4/4
   925 | D:2      | XOM: scenery: create altars
  1055 | D:2      | Reached skill level 6 in Unarmed Combat
  1383 | D:3      | Found a radiant altar of Vehumet.
  1512 | D:3      | XOM: divination: detect items
  1902 | D:4      | Reached skill level 7 in Unarmed Combat
  1902 | D:4      | Reached XP level 6. HP: 53/59 MP: 5/5
  1908 | D:4      | XOM: god gift: 25 gold pieces
  2171 | D:4      | Reached skill level 1 in Spellcasting
  2171 | D:4      | Reached skill level 1 in Evocations
  2171 | D:4      | Reached XP level 7. HP: 57/66 MP: 4/7
  2219 | D:4      | Found a glowing drain.
  2241 | Sewer    | Entered a sewer
  2542 | D:4      | XOM: summons 4 hostile demons
  2744 | D:5      | Entered Level 5 of the Dungeon
  2780 | D:5      | XOM: god gift: twisted glowing staff {god gift}
  2939 | D:5      | Found a staircase to the Ecumenical Temple.
  2969 | D:5      | XOM: divination: detect items
  3118 | D:5      | XOM: 1-stop teleportation journey
  3140 | D:5      | XOM: god gift: 759 gold pieces
  3275 | D:5      | XOM: give mutations
  3275 | D:5      | Gained mutation: Your flesh is cold resistant. (rC+) [Xom's
                  | grace]
  3275 | D:5      | Gained mutation: You possess an exceptional clarity of
                  | mind. [Xom's grace]
  3275 | D:5      | Gained mutation: You are strong-willed. (Will+) [Xom's
                  | grace]
  3487 | Temple   | Entered the Ecumenical Temple
  3813 | D:6      | Found Gozag's Platinum Reserve.
  3835 | D:6      | XOM: god gift: 13 gold pieces
  3880 | D:6      | Found the +2 ratskin cloak {*Rats rPois rN+ Str-1 Int-1
                  | Dex+1}
  3895 | D:6      | Reached skill level 8 in Unarmed Combat
  4048 | D:6      | Found an opulent altar of Gozag.
  4060 | D:6      | Reached XP level 8. HP: 68/74 MP: 8/10
  4062 | D:6      | XOM: summons friendly quasit
  4099 | D:6      | Noticed Blork the orc
  4105 | D:6      | Killed Blork the orc
  4341 | D:6      | Noticed Pikel
  4352 | D:6      | Killed Pikel
  4397 | D:6      | XOM is BORED!
  4397 | D:6      | XOM: noise
  4527 | D:6      | XOM: 6-stop teleportation journey
  4529 | D:6      | Found an iron altar of Okawaru.
  4741 | D:6      | Reached skill level 9 in Unarmed Combat
  4775 | D:6      | XOM: summons 5 hostile demons
  5076 | D:7      | Found a bloodstained altar of Trog.
  5172 | D:7      | Reached XP level 9. HP: 80/80 MP: 11/13
  5268 | D:7      | Found a transporter.
  5275 | D:7      | Noticed a green ugly thing
  5276 | D:7      | Noticed manix's ghost (novice GrEE)
  5279 | D:7      | Found a transporter.
  5333 | D:7      | XOM: summons 3 friendly demons
  5413 | D:7      | Killed a green ugly thing
  5544 | D:7      | XOM: potion effect (curing)
  5547 | D:7      | XOM: 2-stop teleportation journey
  5557 | D:7      | Found a basalt altar of Yredelemnul.
  5797 | D:7      | Learned a level 3 spell: Dazzling Flash
  5820 | D:7      | XOM: give mutations
  5820 | D:7      | Gained mutation: Your muscles are strong. (Str +2) [Xom's
                  | mischief]
  5820 | D:7      | Gained mutation: Your body sometimes deteriorates upon
                  | taking damage. [Xom's mischief]
  5820 | D:7      | Gained mutation: Scrolls take you a little longer to read.
                  | [Xom's mischief]
  5919 | D:8      | Found a blossoming altar of Fedhas.
  5955 | D:8      | Reached skill level 5 in Evocations
  5962 | D:8      | Reached skill level 10 in Unarmed Combat
  6099 | D:8      | Found a runed translucent gate.
  6099 | D:8      | Identified the cursed +0 mace of Iconoclasm {speed, Str+3}
  6099 | D:8      | Identified the +7 chain mail of Dyemem {Regen+}
  6162 | D:8      | XOM: god gift: scroll labelled MOFAOMM ASMEOTHRI {god gift}
  6211 | D:7      | XOM: enchant monster (good)
  6228 | D:7      | Killed manix's ghost
  6248 | D:7      | Reached XP level 10. HP: 78/88 MP: 12/16
  6268 | D:7      | XOM: cloud trail
  6316 | D:8      | Found Raoseu's Distillery.
  6351 | D:8      | Bought a potion of lignification for 42 gold pieces
  6351 | D:8      | Bought a potion of curing for 42 gold pieces
  6351 | D:8      | Bought a potion of brilliance for 56 gold pieces
  6351 | D:8      | Bought a potion of might for 56 gold pieces
  6351 | D:8      | Bought a potion of degeneration for 14 gold pieces
  6351 | D:8      | Bought a potion of resistance for 140 gold pieces
  6351 | D:8      | Bought a potion of flight for 42 gold pieces
  6351 | D:8      | Bought a potion of curing for 42 gold pieces
  6351 | D:8      | Bought a potion of attraction for 42 gold pieces
  6351 | D:8      | Bought a potion of heal wounds for 70 gold pieces
  6382 | D:8      | Found a bloodstained altar of Trog.
  6391 | D:8      | XOM: polymorph white imp -> crimson imp
  6397 | D:8      | XOM: 2-stop teleportation journey
  6474 | D:8      | Reached skill level 5 in Spellcasting
  6555 | D:8      | Reached skill level 11 in Unarmed Combat
  6676 | D:8      | Found a runed translucent gate.
  6727 | D:8      | Found a runed translucent gate.
  6727 | D:8      | Noticed Pereza0's ghost (novice TeSu)
  6903 | D:8      | XOM: scenery: create altars
  6908 | D:8      | Found a hazy altar of Hepliaklqana.
  7023 | D:8      | XOM: silly message
  7042 | D:8      | Found a roughly hewn altar of Beogh.
  7060 | D:8      | XOM: confuse monster(s)
  7062 | D:8      | XOM: smoke on damage
  7069 | D:8      | Killed Pereza0's ghost
  7177 | D:8      | XOM: noise
  7196 | D:8      | Got a twisted cloak
  7207 | D:8      | Identified the +2 cloak of Indomitability {Slay+2} (You
                  | found it on level 8 of the Dungeon)
  7320 | D:9      | XOM: enchant monster (good)
  7324 | D:9      | Reached skill level 12 in Unarmed Combat
  7356 | D:9      | XOM: scenery: summon butterflies
  7455 | D:9      | XOM: enchant monster (good)
  7592 | D:9      | XOM: divination: magic mapping
  7672 | D:8      | XOM: silly message
  7683 | D:8      | XOM: noise
  7831 | D:8      | XOM: smoke on damage
  7918 | D:9      | Found a transporter.
  7922 | D:9      | Found a transporter.
  7936 | D:9      | Noticed a wizard
  7938 | D:9      | Found a broken altar of Ashenzari.
  8103 | D:9      | Reached skill level 13 in Unarmed Combat
  8275 | D:9      | XOM: summons 7 friendly demons
  8376 | D:9      | XOM: scenery: create altars
  8399 | D:9      | HP: 1/88 [wyvern (15)]
  8403 | D:9      | Reached XP level 11. HP: 31/94 MP: 0/17
  8403 | D:9      | XOM: polymorph wyvern -> fire bat
  8409 | D:9      | HP: 3/94 [fire bat (8)]
  8410 | D:9      | Slain by a fire bat

Illustrated notes

Levels and vault maps discovered:
D:1:      shiori_shiawase, layout_basic
D:2:      layout_rooms
D:3:      layout_rooms, nicolae_overflow_hidden_temple
D:4:      layout_cave_pools, portal_sewer_entry_a
D:5:      layout_basic, minmay_temple_entry_mist
D:6:      wander_guarded_unrand_ratskin, layout_loops_corners,
          nicolae_gozag_zags_fifth_avenue, okawaru_trees_2, uniq_pikel,
          uniq_blork_the_orc
D:7:      layout_loops_ring, kennysheep_mini_moat, basic_altar,
          gammafunk_ghost_arena
D:8:      layout_loops_ring, kennysheep_little_box, trog_ov_bears_minmay,
          nicolae_overflow_crystal_walls, serial_shops, nicolae_shop_waterfront,
          biasface_ghost_orc_armoury
D:9:      layout_long_grid, gammafunk_temple_overflow_arena, erik_lair_dragon
Temple:   minmay_temple_curvy_branch

Skill      XL: |  1  2  3  4  5  6  7  8  9 10 |
---------------+-------------------------------+-----
Unarmed Combat | 4 5 7 8 9 10 13 | 13.3
Spellcasting   | 1 2 3 4 5 |  5.0
Evocations     | 1 2 4 5 |  5.0
Fighting       | |  2.4
Dodging        | |  1.9

Action                   |  1- 3 |  4- 6 |  7- 9 | 10-12 || total
-------------------------+-------+-------+-------+-------++-------
Melee: Unarmed           |    94 |   140 |   340 |   278 ||   852
       Punch             |       |     1 |     9 |    16 ||    26
  Use: Scroll            |       |     5 |     3 |     2 ||    10
       Potion            |       |       |       |     5 ||     5
 Stab: Invisible         |       |     2 |       |       ||     2
       Sleeping          |       |       |     3 |       ||     3
       Paralysed         |       |       |     2 |       ||     2
       Distracted        |       |       |     1 |       ||     1
       Confused          |       |       |       |     1 ||     1
Armor: Robe              |    29 |    43 |    79 |   101 ||   252
Dodge: Dodged            |    44 |   104 |   226 |   229 ||   603
